[Event "Titled Tuesday Blitz August 3 2021"]
[White "Ibrahimli, Murad"]
[Black "Abdusattorov, Nodirbek"]
[WhiteFideId "13410229"]
[BlackFideId "14204118"]
[WhiteElo "2109"]
[BlackElo "2662"]
[Result "0-1"]
[Round "10"]
[TimeControl "180+1"]
[Date "2021.08.03"]
[WhiteClock "0:00:21"]
[BlackClock "0:01:19"]

1. d4 f5 2. c4 Nf6 3. Nc3 g6 4. f3 Bg7 5. e4 fxe4 6. fxe4 O-O 7. Nf3 c5 8. d5 d6 9. Be2 Nbd7 10. O-O Ng4 11. h3 Nge5 12. Nxe5 Nxe5 13. Rxf8+ Qxf8 14. Be3 Bh6 15. Qd2 Bxe3+ 16. Qxe3 Bd7 17. Rf1 Qg7 18. b3 a6 19. a4 g5 20. Qg3 h6 21. a5 Ng6 22. Na4 Nf4 23. Bg4 h5 24. Bf3 h4 25. Qe1 Rf8 26. Nb6 g4 27. hxg4 Bxg4 28. Qd2 Nh3+ 29. Kh1 Rxf3 30. gxf3 Bxf3+ 0-1


[Site "https://www.chess.com"]

[Event "Titled Tuesday Blitz August 3 2021"]
[White "Indjic, Aleksandar"]
[Black "Arabidze, Meri"]
[WhiteFideId "911925"]
[BlackFideId "13604040"]
[WhiteElo "2643"]
[BlackElo "2432"]
[Result "1-0"]
[Round "10"]
[TimeControl "180+1"]
[Date "2021.08.03"]
[WhiteClock "0:00:44"]
[BlackClock "0:00:02"]

1. d4 Nf6 2. Nf3 e6 3. Bg5 Be7 4. Nbd2 d5 5. c3 h6 6. Bxf6 Bxf6 7. e4 c5 8. Bb5+ Bd7 9. Bxd7+ Nxd7 10. e5 Be7 11. O-O O-O 12. Re1 Qb6 13. Rb1 a5 14. Re3 a4 15. a3 Rfc8 16. Nf1 Nf8 17. Ng3 Ng6 18. Nh5 cxd4 19. Nxd4 Bg5 20. Re1 Rc4 21. Qe2 Rac8 22. Rbd1 Be7 23. g3 Bc5 24. Nf3 Re4 25. Qc2 Qc6 26. Kg2 b5 27. h4 Bb6 28. Qd3 Qc4 29. Qxc4 Rcxc4 30. Nd2 Rxe1 31. Rxe1 Rc8 32. f4 Ne7 33. g4 d4 34. Ne4 dxc3 35. bxc3 Nd5 36. Rb1 Nxc3 37. Nxc3 Rxc3 38. Rxb5 Bc5 39. Rb8+ Bf8 40. f5 Rxa3 41. fxe6 fxe6 42. Nf4 Ra2+ 43. Kf3 Kf7 44. Rb7+ Be7 45. h5 Ke8 46. Nxe6 a3 47. Nxg7+ Kd8 48. Ne6+ Ke8 49. Nc7+ Kf8 50. Nd5 Bc5 51. Rc7 Rf2+ 52. Ke4 a2 53. Rc8+ Kf7 54. Ra8 Re2+ 55. Kd3 Rg2 56. e6+ Kg7 57. e7 Bxe7 58. Nxe7 Rxg4 59. Rxa2 Rg5 60. Rh2 Kf6 61. Nc6 Rc5 62. Nd4 Kg5 63. Ke4 Kg4 64. Ne6 Rxh5 65. Rg2+ Kh3 66. Nf4+ Kh4 67. Rh2+ Kg3 68. Rxh5 1-0


[Site "https://www.chess.com"]

[Event "Titled Tuesday Blitz August 3 2021"]
[White "Ismagilov, Damir"]
[Black "Pires, Marcos Vinicius Torsani"]
[WhiteFideId "34199982"]
[BlackFideId "2118939"]
[WhiteElo "2075"]
[BlackElo "2273"]
[Result "1-0"]
[Round "10"]
[TimeControl "180+1"]
[Date "2021.08.03"]
[WhiteClock "0:00:21"]
[BlackClock "0:00:06"]

1. d4 c6 2. c4 d5 3. Nc3 Nf6 4. Nf3 e6 5. Bg5 Nbd7 6. cxd5 exd5 7. e3 Be7 8. Bd3 O-O 9. Qc2 Re8 10. Bf4 Nf8 11. h3 Bd6 12. Bxd6 Qxd6 13. O-O-O Ne6 14. Kb1 a6 15. g4 Nf8 16. Ne5 c5 17. f4 c4 18. Bf5 b5 19. g5 N6d7 20. h4 Rb8 21. h5 b4 22. Na4 b3 23. Qg2 Nxe5 24. Bxc8 bxa2+ 25. Ka1 Nd3 26. Bf5 Qb4 27. Bxd3 Qxa4 28. Bf5 Rb6 29. g6 fxg6 30. Qxd5+ Kh8 31. hxg6 Qb5 32. Qxb5 Rxb5 33. e4 h6 34. d5 Reb8 35. e5 Rxb2 36. d6 c3 37. d7 Nxd7 38. Rxd7 c2 39. Bxc2 Rxc2 40. Rhd1 Rcc8 41. Kxa2 Kg8 42. e6 Kf8 43. Rf7+ Ke8 44. Rxg7 Rc4 45. Rg8+ Ke7 46. Rxb8 Rxf4 47. g7 Kxe6 48. g8=Q+ 1-0


[Site "https://www.chess.com"]

[Event "Titled Tuesday Blitz August 3 2021"]
[White "Ivanisevic, Ivan"]
[Black "Pinheiro, Iung Alicio de O."]
[WhiteFideId "912417"]
[BlackFideId "2104350"]
[WhiteElo "2499"]
[BlackElo "2553"]
[Result "1-0"]
[Round "10"]
[TimeControl "180+1"]
[Date "2021.08.03"]
[WhiteClock "0:00:30"]
[BlackClock "0:00:11"]

1. d4 Nf6 2. c4 g6 3. Nc3 d5 4. cxd5 Nxd5 5. e4 Nxc3 6. bxc3 Bg7 7. Bc4 O-O 8. Ne2 c5 9. Be3 Nc6 10. h4 Bg4 11. f3 cxd4 12. cxd4 Na5 13. Bd3 Be6 14. d5 Bd7 15. h5 Rc8 16. hxg6 fxg6 17. Rb1 b6 18. Qd2 Nc4 19. Bxc4 Rxc4 20. Bh6 Bxh6 21. Qxh6 Rf7 22. Rc1 Qc7 23. Kf2 Qc5+ 24. Qe3 Qxe3+ 25. Kxe3 Ra4 26. Rc7 e5 27. Nc3 Ra3 28. Rb1 Kg7 29. Kd2 Be8 30. Rxf7+ Kxf7 31. Kc2 Ke7 32. Rb4 g5 33. Rc4 Bd7 34. Kb2 Ra5 35. a4 a6 36. Rc7 Kd6 37. Rb7 b5 38. axb5 axb5 39. Kb3 h5 40. Kb4 Ra1 41. Nxb5+ Bxb5 42. Rxb5 Rb1+ 43. Kc4 Rc1+ 44. Kd3 Rg1 45. Rb2 h4 46. Rc2 Rf1 47. Ke3 Rg1 48. Kf2 Ra1 49. Rc6+ Ke7 50. Rg6 Ra2+ 51. Kg1 h3 52. gxh3 Ra3 53. Kg2 Ra2+ 54. Kg3 Ra1 55. Rxg5 Kd6 56. Rf5 Rg1+ 57. Kh2 Rg8 58. h4 Kc5 59. Rxe5 Kd4 60. Rg5 Ra8 61. Kg3 Ke3 62. d6 Ra1 63. Kg4 Rg1+ 64. Kh5 Rd1 65. Rd5 Ra1 66. d7 1-0


[Site "https://www.chess.com"]

[Event "Titled Tuesday Blitz August 3 2021"]
[White "Jian, Alex"]
[Black "Alavkin, Arseny"]
[WhiteFideId "30901022"]
[BlackFideId "4120612"]
[WhiteElo "2111"]
[BlackElo "2401"]
[Result "0-1"]
[Round "10"]
[TimeControl "180+1"]
[Date "2021.08.03"]
[WhiteClock "0:00:01"]
[BlackClock "0:01:49"]

1. Nf3 Nf6 2. b3 g6 3. Bb2 Bg7 4. e3 O-O 5. Be2 d5 6. O-O c5 7. d3 Nc6 8. Nbd2 b6 9. c4 Bb7 10. cxd5 Qxd5 11. a3 Rfd8 12. Qc2 Rac8 13. Rfd1 e5 14. Bf1 Qe6 15. g3 h6 16. Bg2 Nd5 17. Nc4 f5 18. Rac1 g5 19. Re1 Nde7 20. Qb1 Ng6 21. Qa1 Ba8 22. Rcd1 g4 23. Nfd2 Rxd3 24. Qb1 Rcd8 25. e4 f4 26. Bf1 Qd7 27. Bxd3 Qxd3 28. Qxd3 Rxd3 29. Kf1 f3 30. Ne3 Nd4 31. Bxd4 exd4 32. Nd5 Ne5 33. a4 Bb7 34. Nc4 Rxb3 35. Nd6 Ba6+ 36. Kg1 d3 37. Nf5 c4 38. Nd4 Rb2 0-1


[Site "https://www.chess.com"]

[Event "Titled Tuesday Blitz August 3 2021"]
[White "Karttunen, Mika"]
[Black "Gallegos Diaz, Carlos Alberto"]
[WhiteFideId "502081"]
[BlackFideId "3900886"]
[WhiteElo "2343"]
[BlackElo "2362"]
[Result "1-0"]
[Round "10"]
[TimeControl "180+1"]
[Date "2021.08.03"]
[WhiteClock "0:00:09"]
[BlackClock "0:00:02"]

1. e4 d6 2. d4 Nf6 3. f3 c6 4. Be3 Nbd7 5. c4 e5 6. d5 Be7 7. Nc3 O-O 8. g4 Ne8 9. Nge2 Bh4+ 10. Ng3 g6 11. Bd3 Nc5 12. Bc2 f5 13. gxf5 gxf5 14. exf5 Bxf5 15. Bxf5 Rxf5 16. Kd2 Rf7 17. Rg1 Kh8 18. Kc2 Qc8 19. Bxc5 cxd5 20. Be3 d4 21. Bxd4 exd4 22. Qxd4+ Bf6 23. Qd5 Rf8 24. Nge4 Be5 25. Rg5 Nc7 26. Qd3 Ne6 27. Rh5 Nd4+ 28. Kb1 Qd7 29. Ng5 Qf5 30. Rxh7+ Kg8 31. Qxf5 Rxf5 32. Nce4 Nxf3 33. Rh5 Nxg5 34. Rxg5+ Rxg5 35. Nxg5 Rf8 36. Kc2 Rf2+ 37. Kd3 Rxb2 38. Rf1 Rxh2 39. Ke4 Rxa2 40. Kf5 Rc2 41. Kg6 Rxc4 42. Rf7 Rg4 43. Rd7 1-0


[Site "https://www.chess.com"]

[Event "Titled Tuesday Blitz August 3 2021"]
[White "Khoroshev, Nikita"]
[Black "Mirzoev, Azer"]
[WhiteFideId "14200287"]
[BlackFideId "13400304"]
[WhiteElo "2328"]
[BlackElo "2525"]
[Result "1-0"]
[Round "10"]
[TimeControl "180+1"]
[Date "2021.08.03"]
[WhiteClock "0:02:03"]
[BlackClock "0:01:25"]

1. e4 e5 2. Nf3 Nc6 3. Bb5 a6 4. Ba4 Nge7 5. O-O d6 6. c3 Bd7 7. d4 Ng6 8. Re1 Be7 9. Nbd2 O-O 10. Nf1 h6 11. Ng3 Re8 12. Nf5 Bf8 13. Bb3 Qf6 14. g4 Rad8 15. g5 hxg5 16. Bxg5 Qxf5 17. exf5 Bxf5 18. Bxd8 1-0


[Site "https://www.chess.com"]

[Event "Titled Tuesday Blitz August 3 2021"]
[White "Koellner, Ruben Gideon"]
[Black "Bazarov, Konstantin"]
[WhiteFideId "12993093"]
[BlackFideId "4137000"]
[WhiteElo "2501"]
[BlackElo "2190"]
[Result "1/2-1/2"]
[Round "10"]
[TimeControl "180+1"]
[Date "2021.08.03"]
[WhiteClock "0:00:04"]
[BlackClock "0:00:13"]

1. Nf3 Nf6 2. g3 d6 3. Bg2 c6 4. O-O Nbd7 5. d3 e5 6. e4 Be7 7. c3 O-O 8. Nbd2 d5 9. Qe2 Bd6 10. Rd1 Qc7 11. a4 a5 12. h4 Re8 13. Nf1 Nc5 14. Bg5 Nfd7 15. Bc1 Nb3 16. Rb1 Nxc1 17. Rbxc1 Nb6 18. b3 h6 19. N3d2 Be6 20. Ne3 dxe4 21. dxe4 Be7 22. Nec4 Nd7 23. Nf3 b5 24. axb5 cxb5 25. Ne3 Bxb3 26. Nd5 Qc6 27. Rd2 Bc4 28. Qe1 Bf8 29. Bf1 Nc5 30. Ra1 Nb3 31. Rb1 Nxd2 32. Qxd2 Bxf1 33. Kxf1 Qc4+ 34. Qe2 Rac8 35. Rxb5 a4 36. Qxc4 Rxc4 37. Nd2 Rcc8 38. Nb6 Rcd8 39. Ke2 a3 40. Ra5 Rb8 41. Ndc4 Red8 42. Rxe5 Rxb6 43. Nxb6 Rb8 44. Nc4 Ra8 45. Ra5 Rxa5 46. Nxa5 a2 47. Nb3 Ba3 48. c4 Kf8 49. f4 Bb2 50. Kf3 a1=Q 51. Nxa1 Bxa1 52. e5 Ke7 53. Ke4 h5 54. Kf5 Bd4 55. g4 hxg4 56. Kxg4 Ke6 57. h5 Be3 58. Kg5 Bc5 59. Kg4 Bd4 60. Kg5 Ke7 61. Kf5 Kd7 62. Ke4 Bb6 63. Kd5 Be3 64. f5 Bf4 65. c5 Kc7 66. e6 fxe6+ 67. Kxe6 Be3 68. Kf7 Bd4 69. Kg6 Kc6 70. h6 gxh6 71. Kxh6 Kxc5 72. f6 Kd6 73. f7 Ke7 74. f8=Q+ Kxf8 1/2-1/2


[Site "https://www.chess.com"]

[Event "Titled Tuesday Blitz August 3 2021"]
[White "Kretov, Evgenij"]
[Black "Hansen, Eric"]
[WhiteFideId "4167821"]
[BlackFideId "2606771"]
[WhiteElo "2400"]
[BlackElo "2568"]
[Result "0-1"]
[Round "10"]
[TimeControl "180+1"]
[Date "2021.08.03"]
[WhiteClock "0:01:15"]
[BlackClock "0:00:45"]

1. d4 Nf6 2. c3 d6 3. Qc2 e5 4. e4 Qe7 5. d5 g6 6. f3 h5 7. Be3 Bh6 8. Bf2 a5 9. Bb5+ c6 10. dxc6 bxc6 11. Ba4 O-O 12. Ne2 d5 13. exd5 cxd5 14. O-O Ba6 15. Na3 Nbd7 16. Bb5 Bb7 17. Rfe1 e4 18. Nd4 Ne5 19. Bh4 Qd6 20. Qf2 Bf4 21. Bg3 Bxg3 22. hxg3 Rac8 23. Nac2 Ba6 24. a4 Bxb5 25. Nxb5 Qb8 26. Qd4 Nxf3+ 27. gxf3 Qxg3+ 28. Kf1 exf3 29. Ne3 Ng4 30. Re2 fxe2+ 31. Kxe2 Rfe8 0-1


[Site "https://www.chess.com"]

[Event "Titled Tuesday Blitz August 3 2021"]
[White "Krysa, Leandro"]
[Black "Omk124"]
[WhiteFideId "116807"]
[WhiteElo "2490"]
[BlackElo "2535"]
[Result "1-0"]
[Round "10"]
[TimeControl "180+1"]
[Date "2021.08.03"]
[WhiteClock "0:01:51"]
[BlackClock "0:02:25"]

1. e4 g6 2. d4 Bg7 3. Nf3 d6 4. Bc4 c6 5. Bb3 Nf6 6. Qe2 O-O 7. e5 Ne8 8. O-O dxe5 9. dxe5 Nc7 10. Nbd2 a5 11. a4 Be6 12. Rd1 Nba6 13. Ne4 Qc8 14. Bc4 Bxc4 15. Qxc4 Ne6 16. Be3 Qc7 17. Neg5 Nxg5 18. Bxg5 Nb4 19. c3 Nd5 20. Rxd5 h6 21. Bh4 1-0


[Site "https://www.chess.com"]

[Event "Titled Tuesday Blitz August 3 2021"]
[White "LEGENYA1998"]
[Black "Sadovsky, Artem"]
[BlackFideId "4155840"]
[WhiteElo "2385"]
[BlackElo "2442"]
[Result "1-0"]
[Round "10"]
[TimeControl "180+1"]
[Date "2021.08.03"]
[WhiteClock "0:00:07"]
[BlackClock "0:00:01"]

1. d4 e6 2. Nf3 Ke7 3. g3 b6 4. Bg2 Bb7 5. O-O g6 6. c4 Bg7 7. Nc3 Nf6 8. Qd3 Re8 9. e4 d6 10. Qe2 Kf8 11. e5 dxe5 12. dxe5 Nfd7 13. Bf4 Qc8 14. Qe3 Nc6 15. Bh6 Ne7 16. Bxg7+ Kxg7 17. Rad1 Bc6 18. Ne4 Nf5 19. Qf4 Qb7 20. Rfe1 Rad8 21. g4 Bxe4 22. Rxe4 Nc5 23. Ree1 Nd3 24. Rxd3 Rxd3 25. gxf5 exf5 26. e6 Qc8 27. exf7 Rxf3 28. Qd4+ Kxf7 29. Rxe8 Qxe8 30. Qd5+ Kf6 31. Bxf3 Qe1+ 32. Kg2 Kg5 33. Qd8+ Kh6 34. Qxc7 Qd2 35. Qxa7 Qg5+ 36. Kh3 Qf4 37. Qb7 Kg5 38. Kg2 Kh6 39. Qd5 Qg5+ 40. Kf1 Qc1+ 41. Qd1 Qxb2 42. Qe2 Qa1+ 43. Kg2 g5 44. Qe6+ Kg7 45. Bd5 g4 46. Qxf5 h5 47. Qxh5 Qd4 48. Qf7+ Kh6 49. Qe6+ Kg5 50. Qe3+ 1-0


[Site "https://www.chess.com"]

[Event "Titled Tuesday Blitz August 3 2021"]
[White "Labussiere, Victor"]
[Black "Tokhirjonova, Gulrukhbegim"]
[WhiteFideId "2183129"]
[BlackFideId "14203626"]
[WhiteElo "1921"]
[BlackElo "2236"]
[Result "0-1"]
[Round "10"]
[TimeControl "180+1"]
[Date "2021.08.03"]
[WhiteClock "0:00:01"]
[BlackClock "0:00:42"]

1. e4 e5 2. Bc4 Nf6 3. d3 Nc6 4. Nc3 Na5 5. Nge2 Nxc4 6. dxc4 Bc5 7. Qd3 h6 8. Be3 Bxe3 9. Qxe3 d6 10. Rd1 Be6 11. b3 O-O 12. Ng3 Ng4 13. Qe2 Qh4 14. h3 Nf6 15. Qf3 g6 16. a4 Kg7 17. a5 a6 18. O-O h5 19. Qe3 Rae8 20. Qa7 Bc8 21. Qe3 Be6 22. Qa7 Rb8 23. Qe3 Nd7 24. f4 exf4 25. Rxf4 Qe7 26. Rdf1 h4 27. Nge2 Ne5 28. Nd4 c6 29. Qf2 g5 30. Rf6 Ng6 31. Rf3 f6 32. Qd2 Rbd8 33. Re1 Bc8 34. Rfe3 Qe5 35. Rf3 Nf4 36. Nd1 Rfe8 37. Ne3 Qxe4 38. Nef5+ Bxf5 39. Rxe4 Bxe4 40. Re3 d5 41. cxd5 cxd5 42. Re1 Nxg2 43. Re2 Nf4 44. Re3 Kg6 45. Kh2 Rc8 46. c3 Rc7 47. Re1 Rec8 48. Re3 Ng2 49. Re2 Rxc3 50. Rxg2 Rd3 51. Qf2 Rcc3 52. Rg1 Rxh3# 0-1


[Site "https://www.chess.com"]

[Event "Titled Tuesday Blitz August 3 2021"]
[White "Lagunow, Raphael"]
[Black "Berezin, Viktor"]
[WhiteFideId "24652644"]
[BlackFideId "14107872"]
[WhiteElo "2400"]
[BlackElo "2310"]
[Result "1-0"]
[Round "10"]
[TimeControl "180+1"]
[Date "2021.08.03"]
[WhiteClock "0:00:05"]
[BlackClock "0:00:17"]

1. e4 d5 2. exd5 Nf6 3. d4 Bg4 4. Be2 Bxe2 5. Qxe2 Qxd5 6. Nf3 e6 7. O-O Be7 8. c4 Qd8 9. Nc3 O-O 10. Bf4 Bd6 11. Ne5 Nbd7 12. Rad1 Qe7 13. Rfe1 Rfd8 14. h3 c5 15. Nxd7 Rxd7 16. Bxd6 Qxd6 17. dxc5 Qxc5 18. Ne4 Qc6 19. Nxf6+ gxf6 20. Rxd7 Qxd7 21. Rd1 Qc6 22. Rd4 Kh8 23. Qd3 Rg8 24. Rg4 Rxg4 25. hxg4 Kg7 26. Qd4 a6 27. c5 h6 28. f4 Qc7 29. Kf2 e5 30. fxe5 fxe5 31. Qd5 Kf6 32. b4 Ke7 33. Ke3 b6 34. c6 f6 35. Ke4 Qc8 36. Kf3 Qe6 37. Qe4 Qxa2 38. Qh7+ Kf8 39. c7 Qd5+ 40. Kg3 Qc4 41. Qh8+ Ke7 42. c8=Q Qf4+ 43. Kh3 Kf7 44. Qh7# 1-0


[Site "https://www.chess.com"]

[Event "Titled Tuesday Blitz August 3 2021"]
[White "Lazavik, Denis"]
[Black "Solon, Nathan"]
[WhiteFideId "13515110"]
[BlackFideId "2017229"]
[WhiteElo "2436"]
[BlackElo "2655"]
[Result "0-1"]
[Round "10"]
[TimeControl "180+1"]
[Date "2021.08.03"]
[WhiteClock "0:00:02"]
[BlackClock "0:00:07"]

1. d4 Nf6 2. c4 e6 3. Nf3 d5 4. Nc3 Bb4 5. cxd5 exd5 6. Bg5 h6 7. Bh4 O-O 8. e3 Bf5 9. Be2 Nbd7 10. O-O c6 11. Qb3 Qb6 12. Nd2 Bd6 13. Bg3 Bxg3 14. hxg3 Rfe8 15. Rfc1 h5 16. a3 g6 17. Na4 Qc7 18. Qd1 Kg7 19. b4 a6 20. Nc5 Rh8 21. Nf3 Nxc5 22. bxc5 Ne4 23. Rab1 Rae8 24. Rb3 g5 25. Bd3 h4 26. gxh4 g4 27. Ne5 Rxh4 28. g3 Rh3 29. Bxe4 dxe4 30. Kg2 Reh8 31. Qg1 f6 32. Rcb1 Bc8 33. Nc4 Kg6 34. Nd6 b5 35. d5 cxd5 36. Nxc8 Qxc8 37. Rc3 Qf5 38. Kf1 Rh1 39. Ke1 0-1


[Site "https://www.chess.com"]

[Event "Titled Tuesday Blitz August 3 2021"]
[White "Leitao, Rafael"]
[Black "Petrovskyi, Vadym"]
[WhiteFideId "2101246"]
[BlackFideId "14165210"]
[WhiteElo "2609"]
[BlackElo "2305"]
[Result "1-0"]
[Round "10"]
[TimeControl "180+1"]
[Date "2021.08.03"]
[WhiteClock "0:00:09"]
[BlackClock "0:00:08"]

1. c4 Nf6 2. Nc3 g6 3. g3 Bg7 4. Bg2 O-O 5. Nf3 d6 6. d4 Nbd7 7. O-O e5 8. e4 c6 9. h3 exd4 10. Nxd4 Qb6 11. Nb3 Ne5 12. Be3 Qc7 13. Nd2 Re8 14. f4 Nd3 15. Qc2 Nb4 16. Qb3 a5 17. Rae1 Nd7 18. a3 Nc5 19. Bxc5 dxc5 20. axb4 axb4 21. Ne2 b5 22. Rc1 Rd8 23. Rc2 Be6 24. f5 Bc8 25. cxb5 cxb5 26. fxg6 hxg6 27. Nf3 Be6 28. Qxb4 Bc4 29. Rxc4 bxc4 30. Qxc4 Qe7 31. Nf4 Bd4+ 32. Kh2 Rab8 33. Nxg6 Qxe4 34. Nfh4 Qe6 35. Qxe6 fxe6 36. Ne7+ Kg7 37. Nc6 Bxb2 38. Nxd8 Rxd8 39. Rf2 Bd4 40. Rc2 Rb8 41. Nf3 Be3 42. Bf1 Kf6 43. Kg2 Rb3 44. Bc4 Ra3 45. Kf1 e5 46. Ke2 e4 47. Nh2 Ke5 48. Ng4+ Kd4 49. Nxe3 Rxe3+ 50. Kf2 Rf3+ 51. Kg2 Rd3 52. Bxd3 exd3 53. Rxc5 Kxc5 54. Kf2 Kd4 55. Ke1 Ke3 56. h4 Kf3 57. h5 1-0


[Site "https://www.chess.com"]

[Event "Titled Tuesday Blitz August 3 2021"]
[White "Lee, Linden"]
[Black "Shkapenko, Pavel"]
[WhiteFideId "30941830"]
[BlackFideId "4151933"]
[WhiteElo "2496"]
[BlackElo "2386"]
[Result "1-0"]
[Round "10"]
[TimeControl "180+1"]
[Date "2021.08.03"]
[WhiteClock "0:00:18"]
[BlackClock "0:00:19"]

1. d4 Nf6 2. c4 e6 3. Nc3 Bb4 4. e3 c5 5. Bd3 O-O 6. Ne2 cxd4 7. exd4 d5 8. O-O dxc4 9. Bxc4 Nc6 10. Bg5 Be7 11. Rc1 b6 12. Bd3 Nb4 13. Bb1 Bb7 14. a3 Nbd5 15. Qd3 g6 16. Rfd1 Nxc3 17. Nxc3 Nd5 18. Bh6 Re8 19. Ne4 f5 20. Ng3 Bg5 21. Bxg5 Qxg5 22. f3 Rac8 23. Rxc8 Rxc8 24. Re1 Rc1 25. Qf1 Ne3 26. Qe2 Rxe1+ 27. Qxe1 h5 28. Qe2 Qf4 29. Ba2 Qxd4 30. Bxe6+ Kg7 31. Qf2 Qd1+ 32. Nf1 f4 33. b4 Ba6 34. b5 Kf6 35. Ba2 Bb7 36. Qb2+ Kg5 37. Qe5+ Nf5 38. h4+ 1-0


[Site "https://www.chess.com"]

[Event "Titled Tuesday Blitz August 3 2021"]
[White "Madaminov, Mukhiddin"]
[Black "Leisch, Lukas"]
[WhiteFideId "14210703"]
[BlackFideId "1632094"]
[WhiteElo "1747"]
[BlackElo "2247"]
[Result "1-0"]
[Round "10"]
[TimeControl "180+1"]
[Date "2021.08.03"]
[WhiteClock "0:02:36"]
[BlackClock "0:00:55"]

1. d4 d6 2. e4 Nf6 3. Nc3 g6 4. f4 Bg7 5. Bd3 Nc6 6. Nf3 Bg4 7. e5 dxe5 8. dxe5 Nd5 9. h3 Nxc3 10. bxc3 Bf5 11. O-O Bxd3 12. cxd3 Qd5 13. Qb3 O-O-O 14. d4 Na5 15. Qa4 b6 16. Rb1 f6 17. Rb5 Qb7 18. Ba3 Rhe8 19. Rfb1 Rd5 20. Rxa5 bxa5 21. Qxe8+ Rd8 22. Qxd8+ 1-0


[Site "https://www.chess.com"]

[Event "Titled Tuesday Blitz August 3 2021"]
[White "Majer, Damir"]
[Black "Daulyte-Cornette, Deimante"]
[WhiteFideId "4615689"]
[BlackFideId "12802859"]
[WhiteElo "2360"]
[BlackElo "2285"]
[Result "1-0"]
[Round "10"]
[TimeControl "180+1"]
[Date "2021.08.03"]
[WhiteClock "0:00:31"]
[BlackClock "0:00:10"]

1. Nf3 Nf6 2. g3 g6 3. Bg2 Bg7 4. O-O O-O 5. d4 d6 6. b3 c5 7. Bb2 cxd4 8. Nxd4 d5 9. c4 e5 10. Nb5 a6 11. N5c3 d4 12. Nd5 Nc6 13. Nxf6+ Bxf6 14. Nd2 Bg7 15. c5 Be6 16. a3 f5 17. Qc2 e4 18. Nc4 Bxc4 19. Qxc4+ Kh8 20. Rad1 Qe7 21. b4 Rad8 22. f4 Rd7 23. a4 Rfd8 24. b5 axb5 25. axb5 Na5 26. Qa4 Qxc5 27. Qxa5 d3+ 28. Kh1 Bxb2 29. exd3 exd3 30. Bxb7 Bc3 31. Qa6 d2 32. Bf3 Ra7 33. Qc6 Qe3 34. b6 Re7 35. b7 Ree8 36. Kg2 Qa7 37. Qxc3+ Kg8 38. Rxd2 Rxd2+ 39. Qxd2 1-0


[Site "https://www.chess.com"]

[Event "Titled Tuesday Blitz August 3 2021"]
[White "Martin Duque, Jesus"]
[Black "Krivonosov, Oleg"]
[WhiteFideId "2208954"]
[BlackFideId "11600349"]
[WhiteElo "2224"]
[BlackElo "2469"]
[Result "0-1"]
[Round "10"]
[TimeControl "180+1"]
[Date "2021.08.03"]
[WhiteClock "0:01:03"]
[BlackClock "0:00:58"]

1. Nf3 d5 2. b3 Nf6 3. Bb2 e6 4. g3 Be7 5. Bg2 O-O 6. O-O b6 7. e3 Bb7 8. Qe2 c5 9. Rd1 Nc6 10. d4 Qc7 11. c4 dxc4 12. Qxc4 cxd4 13. Nxd4 Rac8 14. Rc1 Nd5 15. Bxd5 exd5 16. Qf1 Qd7 17. Nxc6 Bxc6 18. Bd4 Bb5 19. Qe1 Bd3 20. Nc3 Bf5 21. Rd1 Qe6 22. Ne2 Be4 23. Nf4 Qg4 24. h3 Qf3 25. Kh2 Rc2 26. Rd2 Bb4 27. Rxc2 0-1


[Site "https://www.chess.com"]

[Event "Titled Tuesday Blitz August 3 2021"]
[White "Martinez Alcantara, Jose Eduardo"]
[Black "Le, Tuan Minh"]
[WhiteFideId "3805662"]
[BlackFideId "12401153"]
[WhiteElo "2690"]
[BlackElo "2450"]
[Result "1-0"]
[Round "10"]
[TimeControl "180+1"]
[Date "2021.08.03"]
[WhiteClock "0:00:03"]
[BlackClock "0:00:04"]

1. e4 c5 2. Nf3 Nf6 3. e5 Nd5 4. Nc3 e6 5. Nxd5 exd5 6. d4 Nc6 7. dxc5 Bxc5 8. Qxd5 d6 9. exd6 Qb6 10. Qe4+ Be6 11. Bc4 Bxf2+ 12. Kd1 O-O-O 13. Bxe6+ fxe6 14. c3 Rxd6+ 15. Kc2 Qb5 16. Bf4 Qd5 17. Qxd5 Rxd5 18. Rhf1 Bb6 19. Rae1 Re8 20. Bg3 Bc7 21. Bxc7 Kxc7 22. Nd2 h6 23. Rf7+ Rd7 24. Rf3 Red8 25. Nb3 e5 26. Re2 Kb6 27. h4 Rd1 28. Nd2 Rh1 29. Rg3 Rxh4 30. Rxg7 Re8 31. g3 Rh5 32. Ne4 Rc8 33. Nd6 Nd4+ 34. Kd3 Rc6 35. Rxb7+ Ka6 36. cxd4 Rxd6 37. Rb4 Rg5 38. Re3 exd4 39. Rxd4 Rdg6 40. g4 Rxg4 41. Rxg4 Rxg4 42. Re6+ Kb5 43. Rxh6 Rg2 44. Rh7 Kb6 45. Kc3 Rg3+ 46. Kb4 Rg2 47. Kb3 Rg6 48. Rh3 a6 49. Re3 Rg4 50. Re6+ Kb5 51. Re5+ Kb6 52. Re3 Kb5 53. a4+ Kb6 54. Re6+ Kb7 55. Ka3 Rf4 56. a5 Rg4 57. Kb3 Rf4 58. Rg6 Rf5 59. Ka4 Rf4+ 60. b4 Rh4 61. Rg7+ Kb8 62. Kb3 Rf4 63. Kc3 Rh4 64. Rd7 Rg4 65. Rd4 Rg5 66. Kc4 Kb7 67. Rd7+ Kc6 68. Ra7 Rg4+ 69. Kb3 Rg3+ 70. Ka4 Rg1 71. Rxa6+ Kb7 72. Rb6+ Kc7 73. Rf6 Rg5 74. a6 Kb8 75. b5 Ka7 76. Ka5 Rg8 77. Rf7+ Kb8 78. Rf6 Ka7 79. Rd6 Rf8 80. b6+ Kb8 81. Kb5 Rg8 82. a7+ Kb7 83. Rd7+ Ka8 84. Ka6 1-0


[Site "https://www.chess.com"]

[Event "Titled Tuesday Blitz August 3 2021"]
[White "Matinian, Nikita"]
[Black "He, Anthony"]
[WhiteFideId "24129100"]
[BlackFideId "2088215"]
[WhiteElo "2410"]
[BlackElo "2353"]
[Result "0-1"]
[Round "10"]
[TimeControl "180+1"]
[Date "2021.08.03"]
[WhiteClock "0:00:01"]
[BlackClock "0:00:05"]

1. e4 e6 2. d4 d5 3. Nc3 Nf6 4. Bg5 dxe4 5. Nxe4 Be7 6. Bxf6 gxf6 7. Nf3 b6 8. Qd2 Bb7 9. Bd3 Nd7 10. O-O-O f5 11. Nc3 Nf6 12. Rhe1 c6 13. Ne5 Qc7 14. Qh6 Rg8 15. g3 Qd8 16. d5 Bf8 17. Qh4 Nxd5 18. Qxh7 Qg5+ 19. f4 Qg7 20. Nxd5 cxd5 21. Bb5+ Ke7 22. Qh3 Qh6 23. Qg2 Qxf4+ 24. Kb1 Rc8 25. Qe2 Qb4 26. Bd3 Bg7 27. c3 Qd6 28. Nf3 Kf8 29. g4 fxg4 30. Ng5 Bh6 31. Nh7+ Ke7 32. Rf1 Bf4 33. Qf2 e5 34. Qh4+ Kd7 35. Bf5+ Kc7 36. Bxc8 Bxc8 37. Nf6 Bg5 38. Qh7 Rf8 39. Nxd5+ Kb8 40. Qg7 Bh6 41. Qh7 Bg5 42. Qe4 Bb7 43. Qf5 f6 44. Nb4 Qe7 45. Rd7 Qc5 46. Ka1 a5 47. Nc2 Qc6 48. Rdd1 Bc8 49. Qd3 Ka7 50. Qe2 Ba6 51. Qxg4 Bxf1 52. Rxf1 Rd8 53. Na3 Rd2 54. Qf5 Rxh2 55. Qd3 Rd2 56. Nb5+ Kb7 57. Qh7+ Rd7 0-1


[Site "https://www.chess.com"]

[Event "Titled Tuesday Blitz August 3 2021"]
[White "Mikhailovsky, Vladimir"]
[Black "Harshavardhan G B"]
[WhiteFideId "34105414"]
[BlackFideId "25059009"]
[WhiteElo "2315"]
[BlackElo "1825"]
[Result "1-0"]
[Round "10"]
[TimeControl "180+1"]
[Date "2021.08.03"]
[WhiteClock "0:00:11"]
[BlackClock "0:01:15"]

1. e4 e5 2. Nf3 Nc6 3. Bc4 Nf6 4. d3 Be7 5. O-O O-O 6. h3 d6 7. c3 Kh8 8. Ng5 Qe8 9. f4 h6 10. Nf3 exf4 11. Bxf4 Be6 12. Nbd2 Nd7 13. d4 Bxc4 14. Nxc4 f5 15. d5 fxe4 16. dxc6 exf3 17. cxd7 Qf7 18. Qxf3 Qxc4 19. Qxb7 Rab8 20. Qxa7 Rxb2 21. Bxh6 Qe2 22. Rxf8+ Bxf8 23. Qa8 gxh6 24. Qxf8+ Kh7 25. Qf7+ 1-0


[Site "https://www.chess.com"]

[Event "Titled Tuesday Blitz August 3 2021"]
[White "Molina, Roberto Junio Brito"]
[Black "Cunjalo, Faris"]
[WhiteFideId "2109450"]
[BlackFideId "14410710"]
[WhiteElo "2402"]
[BlackElo "2234"]
[Result "0-1"]
[Round "10"]
[TimeControl "180+1"]
[Date "2021.08.03"]
[WhiteClock "0:00:31"]
[BlackClock "0:00:37"]

1. d4 d5 2. c4 e6 3. Nc3 c6 4. e3 f5 5. Nf3 Bd6 6. Qc2 Nh6 7. b3 Qe7 8. Bb2 O-O 9. Bd3 Nd7 10. h3 Nf6 11. O-O-O Ne4 12. Kb1 a5 13. Na4 Bd7 14. Ne5 Be8 15. f3 Ng3 16. Rhe1 Nf7 17. f4 Nxe5 18. dxe5 Bb4 19. Bc3 Bh5 20. Rc1 dxc4 21. bxc4 Rad8 22. Nb2 c5 23. Qb3 Rd7 24. a3 Bxc3 25. Rxc3 Rfd8 26. Rec1 Be2 27. R1c2 Bxd3 28. Rxd3 Ne4 29. Rxd7 Qxd7 30. Ka2 Qc6 31. Qb5 Qc7 32. g4 Kf7 33. gxf5 exf5 34. Kb3 g6 35. Ka4 Rd2 36. Kb3 Rd8 37. Ka4 Ra8 38. h4 Ra6 39. e6+ Rxe6 40. Nd3 Rb6 41. Ne5+ Ke7 0-1


[Site "https://www.chess.com"]